AoeStats
← HD_Daniel

African Clearing

505571415Analyzed
4v4 RM · 22d ago on Sep 10, 2026· 26m 4s· 8 players
Game mode
Random Map
Map size
Large (8 player)
Population
200
Speed
Normal
Resources
Standard
Victory
Conquest
Starting age
Dark Age
Ending age
Imperial Age
RankedLock teamsTeams togetherTeam positionsShared explorationLock speedFull tech treeHidden civsTurbo modeCheats
Victory
Defeat
🇲🇽 Malians · Mexico
1424
+18
🇲🇽 Berbers · Mexico
1404
+18
🇲🇽 Magyars · Mexico
1375
+20
🇲🇽 Vietnamese · Mexico
1359
+20
🇧🇷 Vietnamese · Brazil
1522
-22
🇧🇷 Huns · Brazil
1457
-19
🇲🇽 Koreans · Mexico
1441
-18
🇺🇸 Japanese · United States
1407
-17
Hero Unit
3:20 Loom
12:16 Feudal Age
12:24 Man-at-Arms
13:44 Double-Bit Axe
17:23 Fletching
17:52 Horse Collar
18:32 Scale Mail Armor
20:40 Forging
25:00 Castle Age
24:15 Padded Archer Armor
24:16 Stone Mining
OzoneMX2022
3:12 Loom
13:10 Feudal Age
13:39 Town Watch
13:41 Double-Bit Axe
17:42 Fletching
Tuco_Parmera
4:22 Loom
13:19 Feudal Age
17:40 Castle Age
17:40 Fletching
18:15 Town Watch
24:40 Double-Bit Axe
26:06 Fletching
Xtreme | Rayden
5:41 Loom
13:04 Feudal Age
18:27 Castle Age
17:21 Double-Bit Axe
18:43 Fletching
19:41 Bodkin Arrow
23:00 Padded Archer Armor
24:27 Ballistics
chentever.twitch
7:06 Loom
12:17 Feudal Age
17:37 Castle Age
16:50 Double-Bit Axe
HD_Daniel
9:15 Loom
11:34 Feudal Age
13:50 Fletching
15:52 Town Watch
22:18 Castle Age
21:33 Padded Archer Armor
21:54 Gold Mining
22:55 Bodkin Arrow
22:33 Crossbowman
GEN0S
10:18 Loom
12:27 Feudal Age
13:03 Double-Bit Axe
13:24 Man-at-Arms
15:40 Arson
23:06 Castle Age
21:03 Horse Collar
22:17 Bloodlines
22:15 Scale Barding Armor
23:10 Light Cavalry
Koatlistak
9:45 Loom
11:58 Feudal Age
13:34 Double-Bit Axe
14:26 Town Watch
16:37 Fletching
17:51 Padded Archer Armor
25:49 Castle Age
25:33 Wheelbarrow
24:54 Gold Mining
Connection lost

Rejoining the realm…

Still unreachable

The connection could not be restored.

Session expired

The server has moved on; the page needs a fresh start.